 Dungeon Crawl Stone Soup version 0.25.1-9-gc5326a611f (webtiles) character file.

Game seed: 15442641519765767278

203 tkbsonic5 the Skirmisher (level 6, -2/48 HPs)
             Began as a Human Gladiator on Nov 27, 2021.
             Slain by Natasha (4 damage)
             ... on level 2 of the Dungeon.
             The game lasted 00:05:32 (1620 turns).

tkbsonic5 the Skirmisher (Human Gladiator)          Turns: 1620, Time: 00:05:33

Health: -2/48      AC:  6    Str: 15    XL:     6   Next: 8%
Magic:  6/6        EV: 13    Int:  8    God:
Gold:   87         SH:  0    Dex: 16    Spells: 5/5 levels left

rFire    . . .     SeeInvis .   i - +0 scythe
rCold    . . .     Gourm    .   (shield currently unavailable)
rNeg     . . .     Faith    .   m - +0 ring mail
rPois    .         Spirit   .   c - +0 helmet
rElec    .         Reflect  .   (no cloak)
rCorr    .         Harm     .   (no gloves)
MR       .....                  (no boots)
Stlth    +.........             (no amulet)
HPRegen  0.16/turn              (no ring)
MPRegen  0.10/turn              (no ring)

@: slowed, very slow
A: no striking features
a: no special abilities


You were on level 2 of the Dungeon.
You were not hungry.

You visited 1 branch of the dungeon, and saw 2 of its levels.

You collected 87 gold pieces.

Inventory:

Hand Weapons
 a - a +0 rapier
 h - a +1 dagger of draining
 i - a +0 scythe (weapon)
Missiles
 d - a throwing net (quivered)
Armour
 b - a +0 leather armour
 c - a +0 helmet (worn)
 j - a +2 robe of magic resistance
 m - a +0 ring mail (worn)
Potions
 e - 2 potions of heal wounds {unknown}
 k - a potion of degeneration {unknown}
 l - 2 potions of lignification {unknown}
Comestibles
 f - 4 rations


   Skills:
 + Level 3.9 Fighting
 - Level 3.8 Short Blades
 * Level 0.3 Polearms
 - Level 2.0 Throwing
 - Level 2.0 Armour
 * Level 3.9 Dodging


You had 5 spell levels left.
You didn't know any spells.
Your spell library was empty.

Dungeon Overview and Level Annotations

Branches:
Dungeon (2/15)

Altars:
Gozag

Shops:
D:2 *

Annotations:
D:2 Natasha


Message History

You barely miss Natasha.
Natasha is almost dead.
Natasha casts a spell.
The kobold hits you with a +0 whip. The white imp gestures at you.
The puff of frost hits you! The adder bites you but does no damage.
Natasha barely misses you. The kobold hits you but does no damage.
The adder bites you. Natasha completely misses you.
The kobold closely misses you. The white imp gestures at you.
The puff of frost hits you.
* * * LOW HITPOINT WARNING * * *
The adder bites you but does no damage.
The crimson imp blinks!
The white imp gestures at you. The puff of frost hits you!
* * * LOW HITPOINT WARNING * * *
The white imp hits you but does no damage.
Natasha claws you.
You die...

......(.##....
..........≈≈≈≈
......≈≈≈≈...
#!....≈....⌠. ##
#...(5.._...∩ .##
#....≈....⌠.⌠.≈### ..##
#...K≈≈≈≈.....≈...#
#..##
#.§S5h..≈≈≈≈≈≈≈....
##..#
#..5@#####..........
##..# ##...# #..........
....## #. #...#
#.......... ###..#
#.P8##..# #..........#
.....# #.......###
#..>....... ...###
#.........####....(...#
###..#
#..8##..........÷.....##
##..##
#...#...#####.)>.......#
....# #.. #####
#..........#


You could see Natasha, a crimson imp (summoned), an adder, 2 white imps and a
kobold.

Vanquished Creatures
  Sigmund (D:2)
  An adder (D:2)
  2 dart slugs
  3 leopard geckos (D:1)
  5 bats (D:1)
  A giant cockroach (D:1)
  5 goblins
  4 hobgoblins
  2 jackals (D:2)
  2 quokkas (D:2)
  A frilled lizard (D:1)
  4 kobolds (D:1)
  5 rats
36 creatures vanquished.

Notes
Turn   | Place    | Note
-------+----------+-------------------------------------------
     0 | D:1      | tkbsonic5 the Human Gladiator began the quest for the Orb.
     0 | D:1      | Reached XP level 1. HP: 16/16 MP: 1/1
   252 | D:1      | Reached XP level 2. HP: 22/22 MP: 2/2
   700 | D:1      | Reached XP level 3. HP: 23/28 MP: 3/3
   805 | D:1      | Reached skill level 1 in Armour
  1121 | D:2      | Noticed Sigmund
  1147 | D:2      | Killed Sigmund
  1147 | D:2      | Reached XP level 4. HP: 35/37 MP: 4/4
  1147 | D:2      | Reached XP level 5. HP: 39/42 MP: 5/5
  1187 | D:2      | Reached XP level 6. HP: 46/48 MP: 6/6
  1609 | D:2      | Found an opulent altar of Gozag.
  1611 | D:2      | Noticed Natasha
  1620 | D:2      | Found Gozag's Platinum Reserve.
  1620 | D:2      | HP: 2/48 [white imp/puff of frost[Natasha] (11)]
  1620 | D:2      | Slain by Natasha

Illustrated notes

Levels and vault maps discovered:
D:1:      mrwooster_arrival_statue_2, layout_loops_ring
D:2:      layout_rooms, nicolae_ru_sacrificial_ziggurat,
          nicolae_gozag_zags_fifth_avenue, chequers_ecumenical_altar_lobes,
          item_on_display_a, uniq_sigmund, uniq_natasha

Skill      XL: |  1  2  3 |
---------------+----------+-----
Armour         | 2 |  2.0
Fighting       | 3 |  3.9
Short Blades   | |  3.8
Polearms       | |  0.3
Throwing       | |  2.0
Dodging        | |  3.9

Action                   |  1- 3 |  4- 6 || total
-------------------------+-------+-------++-------
Melee: Rapier            |    28 |       ||    28
       Dagger            |    76 |       ||    76
       Scythe            |       |    29 ||    29
Throw: Throwing net      |     6 |     1 ||     7
 Stab: Held in net/web   |     2 |       ||     2
  Eat: Chunk             |     1 |     1 ||     2
Armor: Leather armour    |    25 |     6 ||    31
       Ring mail         |       |    13 ||    13
Dodge: Dodged            |    66 |    46 ||   112
